Map: Pylon LE

Players

ManlyManMeat

  • Race: Protoss Protoss
  • Spawn Location: 11:00

sdsdsssss - Winner!

  • Race: Protoss Protoss
  • League: Gold
  • Spawn Location: 5:00

VOD

Have the link to the VOD?

Description

Time

  • Played on: May 14, 2025, 4:08 a.m.
  • Length: 1:51
Show
View Real Time Build Order
Export as new Build Order

ManlyManMeat Protoss 

Build Orders:  

Get SALT Encoding   

  1  0:00  Probe  
  13  0:18  Probe  
  13  0:19  Pylon  
  14  0:37  Gateway  
  14  0:43  Probe  
  14  0:46  Assimilator  
  15  0:54  Pylon  
  15  0:55  Probe  
  16  1:03  Probe  
  17  1:11  Probe  
  20  1:35  Probe  
Show
View Real Time Build Order
Export as new Build Order

sdsdsssss Protoss - Winner!

Build Orders:  

Get SALT Encoding   

  1  0:00  Probe  
  13  0:10  Probe  
  13  0:19  Pylon  
  14  0:22  Probe  
  15  0:44  Probe  
  15  0:48  Forge  
  16  0:56  Probe  
  17  1:12  Pylon, Probe  
  18  1:33  Photon Cannon  
  18  1:34  Photon Cannon  
  18  1:40  Pylon  
Tags
 
League
Gold
Matchup
PvP
Spawn Locations
Cross Positions
Add a new tag
Caveats
  • Supply blocks, unpowered buildings, or Contaminate may cause inaccurate times.
  • Supply counts are checked every 10 seconds.